 Dungeon Crawl Stone Soup version 0.25-a0-803-g58bd18402a (webtiles) character file.

Game seed: 16387226375785320625, levelgen mode: deterministic

255 Maedhros the Charlatan (level 6, -7/38 HPs)
             Began as an Octopode Artificer on Apr 19, 2020.
             Mangled by a scorpion (10 damage)
             ... on level 4 of the Dungeon.
             The game lasted 00:03:34 (2138 turns).

Maedhros the Charlatan (Octopode Artificer)         Turns: 2138, Time: 00:03:35

Health: -7/38      AC:  1    Str: 11    XL:     6   Next: 15%
Magic:  9/9        EV: 13    Int: 13    God:
Gold:   262        SH:  0    Dex: 15    Spells: 5/5 levels left

rFire    . . .     SeeInvis .   a - +0 short sword
rCold    . . .     Gourm    .   (no shield)
rNeg     . . .     Faith    .   (helmet restricted)
rPois    .         Spirit   .   (no amulet)
rElec    .         Reflect  .   k - ring of teleportation (curse)
rCorr    .         Harm     .   (no ring)
MR       .....     Rnd*Tele +   (no ring)
Stlth    ++++......             (no ring)
HPRegen  0.12/turn              (no ring)
MPRegen  0.11/turn              (no ring)
                                (no ring)
                                (no ring)

@: lethally poisoned (-7 -> -23), flying
A: almost no armour, stealthy swim, amphibious, 8 rings, constrict 8, camouflage
1, gelatinous body 1
a: no special abilities


You were on level 4 of the Dungeon.
You were not hungry.

You visited 1 branch of the dungeon, and saw 4 of its levels.
You also visited: Sewer.

You collected 262 gold pieces.

Inventory:

Hand Weapons
 a - a +0 short sword (weapon)
Jewellery
 k - a cursed ring of teleportation (left tentacle)
Wands
 b - a wand of flame (8)
 c - a wand of enslavement (13)
 d - a wand of random effects (12)
Scrolls
 e - 4 scrolls of remove curse
 h - a scroll of fear {unknown}
 i - 2 scrolls of fog {unknown}
 j - a scroll of enchant armour {unknown}
 l - 2 scrolls of identify
 m - a scroll of immolation {unknown}
 p - 3 scrolls of teleportation {unknown}
Potions
 g - 2 potions of stabbing
 n - a potion of haste
 o - 2 potions of flight
 q - a potion of heal wounds {unknown}
 r - a potion of mutation {unknown}
 s - 2 potions of might {unknown}
Comestibles
 f - 7 rations


   Skills:
 - Level 1.0 Fighting
 - Level 1.0 Short Blades
 - Level 2.0 Dodging
 + Level 4.3 Stealth
 * Level 4.0 Unarmed Combat
 + Level 4.5 Evocations


You had 5 spell levels left.
You didn't know any spells.
Your spell library was empty.

Dungeon Overview and Level Annotations

Branches:
Dungeon (4/15)              Sewer (visited)
 Temple: D:4-7

Altars:
Kikubaaqudgha
Zin


Innate Abilities, Weirdness & Mutations

You cannot wear most types of armour.
You are very stealthy in the water. (Stealth+)
You are amphibious.
You can wear up to eight rings at the same time.
You can use your tentacles to constrict eight enemies at once.
Your skin changes colour to match your surroundings (Stealth+).
Your rubbery body absorbs attacks. (AC +1, EV +1)


Message History

Evoke which item? (* to show all) (? for menu, Esc to quit)
Aiming: Enslavement
Press: ? - help, Shift-Dir - straight line, f - scorpion
Aim: a scorpion (lightly wounded, chance to defeat MR: 60%)
The scorpion resists with significant effort.
You feel sick.
The scorpion stings you but does no damage.
Evoke which item? (* to show all) (? for menu, Esc to quit)
Aiming: Enslavement
Press: ? - help, Shift-Dir - straight line, f/p - scorpion
Aim: a scorpion (lightly wounded, chance to defeat MR: 60%)
The scorpion resists with significant effort.
You feel sick. The scorpion stings you!
* * * LOW HITPOINT WARNING * * *
It was a potion of flight.
You feel very buoyant.
You fly up into the air.
* * * LOW HITPOINT WARNING * * *
You feel sick. The scorpion stings you!
You die...

#####....##....# #....#.....#.
#..#..#..# #.###.#.##.#.
#.###...###.# #.###........
#..#..#..#..# #.##.........
#....###...# #.##.##.####.
#####.#...###..######.##.##.# #.
......................##.##.####.
####...#..#..#..#................
#..###...###.@..#####.########
##..#.....#.s.........#
##...###...########### #####
#####


You could see a scorpion.

Vanquished Creatures
  A bullfrog skeleton (D:4)
  An orc priest (D:4)
  2 worker ants (D:4)
  4 adders
  4 oozes
  5 worms (Sewer)
  2 dart slugs
  3 leopard geckos
  3 orcs
  3 ball pythons
  7 giant cockroaches
  7 hobgoblins
  4 jackals (Sewer)
  2 quokkas
  14 bats
  4 frilled lizards
  5 goblins
  A jackal skeleton (D:4)
  5 kobolds
  3 rats
80 creatures vanquished.

Notes
Turn   | Place    | Note
-------+----------+-------------------------------------------
     0 | D:1      | Maedhros the Octopode Artificer began the quest for the
                  | Orb.
     0 | D:1      | Reached XP level 1. HP: 13/13 MP: 3/3
    69 | D:1      | Reached skill level 1 in Unarmed Combat
    69 | D:1      | Reached XP level 2. HP: 3/18 MP: 4/4
   566 | D:1      | Reached XP level 3. HP: 15/23 MP: 5/5
   966 | D:3      | Reached XP level 4. HP: 17/28 MP: 6/6
  1075 | D:3      | Found a glowing silver altar of Zin.
  1292 | D:4      | Found an ancient bone altar of Kikubaaqudgha.
  1427 | D:4      | Reached XP level 5. HP: 7/33 MP: 8/8
  1428 | D:4      | Found a glowing drain.
  1491 | Sewer    | Entered a sewer
  2039 | D:4      | Reached XP level 6. HP: 34/38 MP: 9/9
  2138 | D:4      | Mangled by a scorpion

Levels and vault maps discovered:
D:1:      minmay_arrival_arboretum_small, layout_basic
D:2:      layout_basic, fedhas_altar_fruit_tree, first_ration
D:3:      layout_basic, lemuel_round_altar
D:4:      layout_loops_ring, overflow_temple_1_default, gup_sewer_entry_glass,
          minmay_strange_pillars, grunt_tough_drop

Skill      XL: |  1  2  3  4  5 |
---------------+----------------+-----
Unarmed Combat | 1 2 3 4 |  4.0
Stealth        | 2 3 4 |  4.3
Evocations     | 4 |  4.5
Fighting       | |  1.0
Short Blades   | |  1.0
Dodging        | |  2.0

Action                   |  1- 3 |  4- 6 || total
-------------------------+-------+-------++-------
Melee: Short sword       |    72 |    90 ||   162
       Constrict         |    17 |    22 ||    39
       Tentacles         |    13 |    23 ||    36
       Punch             |     2 |       ||     2
Evoke: Wand              |       |    12 ||    12
  Use: Scroll            |       |     3 ||     3
       Potion            |       |     6 ||     6
 Stab: Sleeping          |     8 |    13 ||    21
  Eat: Chunk             |       |     4 ||     4
Armor: Skin              |     7 |    10 ||    17
Dodge: Dodged            |    53 |    57 ||   110

Table legend:
 A = Non-vault XP
 B = Vault XP
 C = Vault XP percentage of total XP
 D = Non-vault monster count
 E = Vault monster count
 F = Vault count percentage of total count
                 A         B        C        D         E       F
            +---------+---------+-------+---------+---------+-------
      Total |     278 |      87 |  23.8 |      53 |      27 |  33.8
            +---------+---------+-------+---------+---------+-------
        D:1 |      41 |       0 |   0.0 |      26 |       0 |   0.0
        D:2 |      28 |       0 |   0.0 |       5 |       0 |   0.0
        D:3 |      31 |       0 |   0.0 |      10 |       0 |   0.0
        D:4 |     178 |      19 |   9.6 |      12 |       4 |  25.0
      Sewer |       0 |      68 | 100.0 |       0 |      23 | 100.0
            +---------+---------+-------+---------+---------+-------
